 Dungeon Crawl Stone Soup version 0.22-a0-571-g4a923d4 (webtiles) character file.

456 inc the Conjurer (level 7, -1/41 HPs)
             Began as an Octopode Fire Elementalist on July 1, 2018.
             Killed from afar by an orc wizard (9 damage)
             ... with a puff of flame
             ... on level 5 of the Dungeon.
             The game lasted 00:06:33 (4564 turns).

inc the Conjurer (Octopode Fire Elementalist)       Turns: 4564, Time: 00:06:34

Health: -1/41      AC:  1    Str:  8    XL:     7   Next: 6%
Magic:  0/10       EV: 13    Int: 19    God:    Xom [..*...]
Gold:   168        SH:  0    Dex: 12    Spells: 2/10 levels left

rFire    . . .     SeeInvis .   j - +0 dagger (drain)
rCold    . . .     Gourm    .   (no shield)
rNeg     . . .     Faith    .   (helmet restricted)
rPois    .         Spirit   .   (no amulet)
rElec    .         Reflect  .   (no ring)
rCorr    .         Harm     .   (no ring)
MR       .....                  (no ring)
Stlth    +++.......             (no ring)
HPRegen  0.13/turn              (no ring)
MPRegen  0.12/turn              (no ring)
                                (no ring)
                                (no ring)

@: no status effects
A: almost no armour, stealthy swim, amphibious, 8 rings, constrict 8, camouflage
1, gelatinous body 1
a: Renounce Religion


You were on level 5 of the Dungeon.
You worshipped Xom.
You were a toy of Xom.
You were not hungry.

You visited 2 branches of the dungeon, and saw 6 of its levels.

You collected 168 gold pieces.

Inventory:

Hand Weapons
 a - a +0 short sword
 j - a +0 dagger of draining (weapon)
 s - a +0 hand axe of flaming
Armour
 t - a +0 hat
Jewellery
 i - an uncursed ring of stealth {unknown}
 l - a +2 amulet of reflection {unknown}
Wands
 v - a wand of clouds (6)
Scrolls
 d - a scroll of magic mapping {unknown}
 e - 5 scrolls of identify {unknown}
 h - a scroll of immolation {unknown}
 o - 5 scrolls of teleportation {unknown}
 p - a scroll of enchant weapon {unknown}
 q - a scroll of amnesia {unknown}
 r - a scroll of blinking {unknown}
 u - a scroll of remove curse {unknown}
 w - a scroll of fear {unknown}
Potions
 c - a potion of curing {unknown}
 f - a potion of ambrosia {unknown}
 g - a potion of lignification {unknown}
 k - a potion of degeneration {unknown}
 m - a potion of invisibility
 n - a potion of magic
Comestibles
 b - 10 rations


   Skills:
 - Level 2.0 Dodging
 - Level 2.6 Stealth
 - Level 2.0 Spellcasting
 - Level 6.3 Conjurations
 + Level 4.3 Fire Magic


You had 2 spell levels left.
You knew the following spells:

 Your Spells              Type           Power        Failure   Level  Hunger
a - Flame Tongue          Conj/Fire      ###..        1%          1    #......
b - Conjure Flame         Conj/Fire      ###.....     5%          3    ###....
c - Sticky Flame          Conj/Fire      ###.....     19%         4    #####..

Your spell library contained the following spells:

 Spells                   Type           Power        Failure   Level  Hunger
 Fireball                 Conj/Fire      ###.......   45%         5    ######.
 Throw Flame              Conj/Fire      ###...       2%          2    ###....
 Inner Flame              Hex/Fire       ##......     21%         3    ###....


Dungeon Overview and Level Annotations

Branches:
Dungeon (5/15)             Temple (1/1) D:4

Altars:
Dithmenos
Gozag
Hepliaklqana
Nemelex Xobeh
Okawaru
Ru
Sif Muna
Trog
Uskayaw
Vehumet
Wu Jian
Xom
Yredelemnul
Zin
The Shining One


Innate Abilities, Weirdness & Mutations

You cannot wear most types of armour.
You are very stealthy in the water. (Stealth+)
You are amphibious.
You can wear up to eight rings at the same time.
You can use your tentacles to constrict eight enemies at once.
Your skin changes colour to match your surroundings (Stealth+).
Your rubbery body absorbs attacks. (AC +1, EV +1)


Message History

The orc wizard is lightly wounded.
The orc wizard hits you with a dagger.
* * * LOW HITPOINT WARNING * * *
Casting: Flame Tongue (safe; 1% risk of failure)
Confirm with . or Enter, or press ? or * to list all spells.
Aiming: Flame Tongue (safe; 1% risk of failure)
Press: ? - help, Shift-Dir - straight line, f/p - orc wizard
Aim: an orc wizard, wielding a dagger and wearing a robe (lightly wounded)
The flame tongue misses the orc wizard.
The orc wizard hits you with a dagger.
* * * LOW HITPOINT WARNING * * *
Casting: Flame Tongue (safe; 1% risk of failure)
Confirm with . or Enter, or press ? or * to list all spells.
Aiming: Flame Tongue (safe; 1% risk of failure)
Press: ? - help, Shift-Dir - straight line, f/p - orc wizard
Aim: an orc wizard, wielding a dagger and wearing a robe (lightly wounded)
The flame tongue hits the orc wizard.
The orc wizard is severely wounded.
The orc wizard casts a spell at you. The puff of flame hits you!
You die...

.. #...#.###.# #.# #.##.## #.#
#.# #. ## #.# #.# ######### # #.#
#.# #.z.....# #.# ##.##
###)#####.# # ###.##
....######.#.#####.###.#####.....
..........#..##.)................
#...######.#.#..@o.<...........#.
##.## #z#.#).##.###.#####.###.
##.## #.#...b.....o....##.# #.
....# #.#.#bb######.##.##.# #.
##..######......# # #.# #.
#..........#...# #.###.
#.#######....#.# #...># #.#
##)#.##.# #####. #.######..#.#...
#.


You could see an orc wizard.

Vanquished Creatures
  3 wights (D:5)
  3 hounds
  A centaur skeleton (D:5)
  An orc priest (D:4)
  An iguana (D:4)
  An orc wizard (D:3)
  A worker ant (D:4)
  2 adders
  An adder zombie (D:3)
  2 oozes
  A worm (D:2)
  2 dart slugs
  A leopard gecko (D:2)
  7 orcs
  2 giant cockroaches
  5 goblins
  9 hobgoblins
  12 jackals
  A quokka (D:2)
  6 bats
  3 frilled lizards
  3 kobolds
  6 rats
74 creatures vanquished.

Vanquished Creatures (others)
  An orc (D:3)
1 creature vanquished.

Grand Total: 75 creatures vanquished

Notes
Turn   | Place    | Note
-------+----------+-------------------------------------------
     0 | D:1      | inc the Octopode Fire Elementalist began the quest for the Orb.
     0 | D:1      | Reached XP level 1. HP: 11/11 MP: 3/3
   170 | D:1      | Reached skill level 2 in Conjurations
   170 | D:1      | Reached XP level 2. HP: 15/17 MP: 0/5
  1261 | D:2      | Reached XP level 3. HP: 18/21 MP: 6/6
  1359 | D:2      | Reached skill level 3 in Conjurations
  1607 | D:2      | Found a shimmering altar of Xom.
  1611 | D:2      | Found a sacrificial altar of Ru.
  1611 | D:2      | Found a sparkling altar of Nemelex Xobeh.
  1613 | D:2      | Found an opulent altar of Gozag.
  1613 | D:2      | Found a shimmering altar of Xom.
  1613 | D:2      | Found a basalt altar of Yredelemnul.
  1634 | D:2      | Became a worshipper of Xom of Many Doors
  1957 | D:2      | XOM: harmless Tmut miscast
  2208 | D:3      | Reached XP level 4. HP: 14/27 MP: 0/7
  2311 | D:3      | XOM: swap monsters
  2335 | D:3      | Found a shadowy altar of Dithmenos.
  2348 | D:3      | Reached skill level 4 in Conjurations
  2565 | D:3      | XOM: noise
  2649 | D:3      | Reached XP level 5. HP: 23/31 MP: 8/8
  2869 | D:4      | Found a staircase to the Ecumenical Temple.
  2957 | D:4      | XOM: confusion (+ monsters)
  2984 | Temple   | Entered the Ecumenical Temple
  3206 | D:4      | Reached skill level 5 in Conjurations
  3402 | D:4      | XOM: medium Tloc miscast
  3942 | D:5      | Entered Level 5 of the Dungeon
  3950 | D:5      | Reached XP level 6. HP: 30/36 MP: 6/9
  3959 | D:5      | XOM: medium Tmut miscast
  4120 | D:5      | Reached skill level 6 in Conjurations
  4237 | D:5      | Learned a level 3 spell: Conjure Flame
  4242 | D:5      | Learned a level 4 spell: Sticky Flame
  4252 | D:5      | XOM: 3-stop teleportation journey
  4263 | D:5      | XOM: scenery: create altars
  4482 | D:5      | XOM: silly message
  4546 | D:5      | XOM: butterfly on damage
  4548 | D:5      | Reached XP level 7. HP: 19/41 MP: 3/10
  4564 | D:5      | Killed from afar by an orc wizard

Vault maps used:
D:1:      saegor_arrival_simple_c, serial_co_window_serial, co_window_corner_a,
          co_window_corner_a, co_window_of_opportunity_a, co_window_cross_1,
          co_window_paths_a, co_window_unsneaky_path_e,
          co_window_of_opportunity_b, co_window_broadway_b, co_window_corner_b,
          co_window_sun, glass_columns_a, glass_columns_a,
          kennysheep_another_room
D:2:      doesnt_xom_only_xom
D:3:      nicolae_dithmenos_shadow_blocks
D:4:      minmay_temple_entry_overgrown
D:5:      first_ration, kennysheep_cross_room
Temple:   nicolae_temple_figure_eight

Skill      XL: |  1  2  3  4  5  6 |
---------------+-------------------+-----
Conjurations   | 2 3 4 5 6 |  6.3
Fire Magic     | 4 |  4.3
Dodging        | |  2.0
Stealth        | |  2.6
Spellcasting   | |  2.0

Action                   |  1- 3 |  4- 6 |  7- 9 || total
-------------------------+-------+-------+-------++-------
Melee: Short sword       |    23 |       |       ||    23
       Dagger            |    55 |    76 |     2 ||   133
       Constrict         |    11 |    19 |       ||    30
       Tentacles         |     6 |    12 |       ||    18
       Hand axe          |       |     6 |       ||     6
 Cast: Flame Tongue      |    18 |    25 |     5 ||    48
       Conjure Flame     |       |     1 |       ||     1
       Sticky Flame      |       |     1 |       ||     1
  Use: Potion            |       |     2 |       ||     2
 Stab: Sleeping          |    15 |     8 |       ||    23
       Invisible         |       |     1 |       ||     1
       Confused          |       |     2 |       ||     2
  Eat: Chunk             |     4 |     5 |       ||     9
       Ration            |       |     1 |       ||     1
Armor: Skin              |     7 |     3 |       ||    10
Dodge: Dodged            |    64 |    77 |     3 ||   144

Table legend:
 A = Spawn XP
 B = Non-spawn XP
 C = Spawn XP percentage of total XP
 D = Spawn monster count
 E = Non-spawn monster count
 F = Spawn count percentage of total count
 G = Total turns spent on level
                    A         B        C        D         E        F      G
               +---------+---------+-------+---------+---------+-------+---------
         Total |       0 |     652 |   0.0 |       0 |      75 |   0.0 |  4564
               +---------+---------+-------+---------+---------+-------+---------
           D:1 |       0 |      29 |   0.0 |       0 |      14 |   0.0 |  1001
           D:2 |       0 |      34 |   0.0 |       0 |      17 |   0.0 |  1021
           D:3 |       0 |     104 |   0.0 |       0 |      27 |   0.0 |   726
           D:4 |       0 |     181 |   0.0 |       0 |      10 |   0.0 |  1151
           D:5 |       0 |     304 |   0.0 |       0 |       7 |   0.0 |   465
               +---------+---------+-------+---------+---------+-------+---------
